 Dungeon Crawl Stone Soup version 0.21.1-1-g345015fe64 (webtiles) character file.

8301 Gargoyl the Cleaver (level 11, 0/92 HPs)
             Began as a Centaur Abyssal Knight on May 21, 2018.
             Was an Elder of Lugonu.
             Slain by a polar bear (19 damage)
             ... on level 2 of the Lair of Beasts.
             The game lasted 00:29:07 (16857 turns).

Gargoyl the Cleaver (Centaur Abyssal Knight)       Turns: 16857, Time: 00:29:08

Health: 0/92       AC: 22    Str: 19    XL:     11   Next: 8%
Magic:  16/16      EV:  2    Int:  7    God:    Lugonu [****..]
Gold:   751        SH:  0    Dex: 16    Spells: 10/10 levels left

rFire    + . .     SeeInvis .   G - +5 war axe of Suicidal Tendencies {protect, Int-4 Dex+5 Stlth+}
rCold    + . .     Gourm    .   (no shield)
rNeg     . . .     Faith    .   s - +1 gold dragon scales
rPois    +         Spirit   .   (no helmet)
rElec    .         Reflect  .   l - +0 cloak
rCorr    +         Harm     .   (no gloves)
MR       .....                  (no barding)
Stlth    ..........             (no amulet)
HPRegen  0.25/turn              h - ring of resist corrosion
MPRegen  0.15/turn              f - +3 ring of strength

@: protection aura, very quick
A: large, hooves 3, deformed body, speed 2, tough skin 3
a: Depart the Abyss, Bend Space, Banish, Corrupt, Renounce Religion


You were on level 2 of the Lair of Beasts.
You worshipped Lugonu.
Lugonu was greatly pleased with you.
You were not hungry.

You visited 2 branches of the dungeon, and saw 10 of its levels.
You visited the Abyss 1 time.
You also visited: Labyrinth and Ossuary.

You collected 751 gold pieces.

Inventory:

Hand Weapons
 a - a +1 hand axe
 b - a +1 hand axe of electrocution
 d - a +2 war axe
 G - the +5 war axe of Suicidal Tendencies (weapon) {protect, Int-4 Dex+5 Stlth+}
   (You found it in a labyrinth)

   It protects the one who uses it against injury (+AC on strike).
   It affects your intelligence (-4).
   It affects your dexterity (+5).
   It makes you more stealthy.
Missiles
 r - 12 javelins (quivered)
Armour
 j - a scarf of cloud immunity
 l - a +0 cloak (worn)
 s - +1 gold dragon scales (worn)
 B - the +2 ring mail of the Saviour {Str+4}
   (You found it on level 6 of the Dungeon)

   It affects your strength (+4).
 D - a +0 plate armour
Jewellery
 f - a +3 ring of strength (right hand)
 g - an uncursed ring of fire
 h - a ring of resist corrosion (left hand)
 m - an uncursed ring of magical power
Wands
 z - a wand of paralysis (13)
 F - a wand of polymorph (14)
Scrolls
 i - a scroll of fog
 n - a scroll of teleportation
 p - 4 scrolls of identify
 u - a scroll of blinking
 v - 9 scrolls of remove curse
 w - a scroll of magic mapping
 E - a scroll of fear
Potions
 o - a potion of brilliance
 q - a potion of lignification
 t - 3 potions of flight
 x - 2 potions of cancellation
 C - 2 potions of resistance
 H - a potion of haste
Books
 e - a book of Party Tricks

   Spells                             Type                      Level
   a - Summon Butterflies             Summoning                    1
   b - Apportation                    Translocation                1
   c - Lesser Beckoning               Translocation                3
   d - Tukima's Dance                 Hexes                        3
   e - Alistair's Intoxication        Transmutation/Poison         5
   f - Invisibility                   Hexes                        6
 k - a book of Cantrips

   Spells                             Type                      Level
   a - Confusing Touch                Hexes                        1
   b - Animate Skeleton               Necromancy                   1
   c - Summon Small Mammal            Summoning                    1
   d - Apportation                    Translocation                1
 y - a book of Death

   Spells                             Type                      Level
   a - Corpse Rot                     Necromancy                   2
   b - Sublimation of Blood           Necromancy                   2
   c - Agony                          Necromancy                   5
   d - Dispel Undead                  Necromancy                   5
   e - Excruciating Wounds            Charms/Necromancy            5
   f - Bolt of Draining               Conjuration/Necromancy       5
 A - a book of Misfortune

   Spells                             Type                      Level
   a - Confusing Touch                Hexes                        1
   b - Confuse                        Hexes                        3
   c - Gell's Gravitas                Translocation                3
   d - Petrify                        Transmutation/Earth          4
   e - Metabolic Englaciation         Hexes/Ice                    5
   f - Yara's Violent Unravelling     Hexes/Transmutation          5
Comestibles
 c - 13 rations


   Skills:
 + Level 7.0 Fighting
 + Level 8.3 Axes
 + Level 2.4 Throwing
 * Level 8.2 Armour
 + Level 2.8 Dodging
 * Level 7.8 Invocations


You had 10 spell levels left.
You didn't know any spells.

Dungeon Overview and Level Annotations

Branches:
Dungeon (8/15)             Temple (0/1) D:5            Lair (2/6) D:8
  Swamp: Lair:2-4    Shoals: Lair:2-4     Snake: Lair:2-4    Spider: Lair:2-4

Altars:
Cheibriados
Dithmenos
Fedhas
Gozag
Uskayaw
Wu Jian
Yredelemnul
Zin

Shops:
D:5 %


Innate Abilities, Weirdness & Mutations

You have hooves in place of feet.
Armour fits poorly on your strangely shaped body.
You cover ground very quickly.
You have extremely tough skin. (AC +3)


Message History

The polar bear bites you!
The polar bear claws you but does no damage. x2
The basilisk bites you!
* * * LOW HITPOINT WARNING * * *
You turn to flesh and can move again.
You hit the polar bear.
Your weapon exudes an aura of protection.
You kick the polar bear, but do no damage.
The polar bear is almost dead.
You hit the basilisk.
The polar bear bites you but does no damage.
The polar bear claws you but does no damage. x2
The basilisk bites you!
* * * LOW HITPOINT WARNING * * *
You hit the polar bear. You kick the polar bear.
The polar bear is almost dead.
You hit the basilisk but do no damage.
The polar bear completely misses you. x2
The polar bear claws you but does no damage.
The polar bear bites you!!
You die...

*#.............##.P.#,,,,*,**,**
#.....#............+,,,,+,*,*,,
#....(...........#.#,,,,*,,,,,,
#.....P..........#.#,.,,,,,*,,,
#......##......##..#..,,,,*,,,*
#./)..................,,**,,,**
*#...#.###...$......#P.,*,,,,,*
*,.....* #.............,,,*<,⌠**
*,,,.#** #.....@l......,,,,,,,,,
**,,,****##....h.(.?...,,,,,,,**
**,,,,*,*#...........!.,,,,,,,,*
*,,,,,,,...............,*,,,,,,,
*,,,,,,.(P#.#..........**,,,**,,
**,,,,,..##.#P......%..,,,,,,,*,
*,,,,,,,**#*#P.....%%%.,,,,,,**,
**,,,,,,* #.......P..,,,,,,***
*,,,,,,,* *,,,,,,,,,,,*,,,**


You could see a polar bear (berserk) and a basilisk.

Vanquished Creatures
  The ghost of Gargoyl the Spear-Bearer, a novice CeAK of Lugonu (D:8)
  A black mamba (Lair:1)
  A komodo dragon (Lair:1)
  Prince Ribbit (D:5)
  2 hippogriffs (Lair:1)
  A yak (D:8)
  A spriggan (D:8)
  Eustachio (D:5)
  Menkaure (D:6)
  3 water moccasins (Lair:1)
  An orc warrior (D:6)
  4 porcupines
  2 ice beasts
  2 sky beasts
  3 black bears (D:8)
  A phantom (D:5)
  3 wolves (Lair:1)
  3 crocodiles (Lair:1)
  5 bullfrogs
  8 scorpions
  4 killer bees (D:7)
  4 howler monkeys
  7 crimson imps
  A bullfrog zombie (D:5)
  3 jellies
  A human zombie (Ossuary)
  An orc priest (D:5)
  3 bullfrog skeletons
  2 hounds
  8 orc wizards
  2 iguanas (D:8)
  5 worker ants
  A big kobold zombie (Ossuary)
  2 hound zombies
  A hound skeleton (D:6)
  4 mummies (Ossuary)
  2 worker ant zombies
  8 gnolls
  5 adders
  A river rat (D:3)
  4 oozes
  8 leopard geckos
  34 orcs
  2 ball pythons
  4 bats
  11 giant cockroaches
  10 goblins
  12 hobgoblins
  15 jackals
  2 quokkas
  4 frilled lizards
  3 gnoll zombies (Ossuary)
  3 hobgoblin zombies (Ossuary)
  A jackal zombie (Ossuary)
  5 kobolds
  A kobold zombie (Ossuary)
  A leopard gecko skeleton (D:6)
  A leopard gecko zombie (D:7)
  An orc zombie (Ossuary)
  7 rats
  A spectral orc (D:7)
  3 plants
243 creatures vanquished.

Vanquished Creatures (others)
  A minotaur (Lab)
  A two-headed ogre (D:8)
  The ghost of Hawkwind the Thaumaturge, a novice DrFE (D:6)
  A yak (D:7)
  14 fungi
18 creatures vanquished.

Grand Total: 261 creatures vanquished

Notes
Turn   | Place    | Note
-------+----------+-------------------------------------------
     0 | Abyss:1  | Gargoyl the Centaur Abyssal Knight began the quest for the Orb.
     0 | Abyss:1  | Reached XP level 1. HP: 19/19 MP: 2/2
    83 | Abyss:2  | Found a corrupted altar of Lugonu.
   135 | Abyss:2  | Noticed a small abomination
   138 | Abyss:2  | Noticed a chaos spawn
   147 | Abyss:2  | Noticed a hellwing
   147 | Abyss:2  | Noticed a hell knight
   149 | Abyss:2  | Noticed an ettin zombie
   175 | Abyss:2  | Noticed a large abomination
   184 | Abyss:2  | Noticed an ancient zyme
   184 | Abyss:2  | Noticed a tentacled starspawn
   185 | Abyss:2  | Noticed a black mamba skeleton
   186 | Abyss:2  | Noticed an ancient zyme
   190 | D:1      | Escaped the Abyss
   519 | D:1      | Reached * piety under Lugonu
   927 | D:1      | Reached XP level 2. HP: 26/26 MP: 3/3
  1786 | D:2      | Reached XP level 3. HP: 28/31 MP: 4/4
  2101 | D:2      | Found an opulent altar of Gozag.
  2279 | D:3      | Found an ornate altar of the Wu Jian Council.
  2326 | D:3      | Reached ** piety under Lugonu
  2380 | D:3      | Found a blossoming altar of Fedhas.
  2425 | D:3      | Found a faded altar of an unknown god.
  2488 | D:3      | Reached XP level 4. HP: 33/40 MP: 5/5
  2908 | D:3      | You fall through a shaft for 2 floors!
  2908 | D:5      | Entered Level 5 of the Dungeon
  2940 | D:5      | Found Fant's Food Boutique.
  2988 | D:5      | Reached XP level 5. HP: 26/46 MP: 7/7
  3148 | D:4      | Found a sand-covered staircase.
  3157 | Ossuary  | Entered an ossuary
  3167 | Ossuary  | Reached skill level 1 in Dodging
  3172 | Ossuary  | Reached *** piety under Lugonu
  3673 | Ossuary  | Reached XP level 6. HP: 32/52 MP: 8/8
  5019 | D:4      | Reached XP level 7. HP: 44/59 MP: 9/9
  5418 | D:4      | Reached **** piety under Lugonu
  5772 | D:5      | Found a hide-covered altar of Uskayaw.
  5992 | D:5      | Noticed Prince Ribbit
  6269 | D:5      | Reached skill level 1 in Throwing
  6364 | D:5      | Killed Prince Ribbit
  6364 | D:5      | Reached XP level 8. HP: 49/67 MP: 9/11
  6606 | D:5      | Noticed Eustachio
  6609 | D:5      | Found a staircase to the Ecumenical Temple.
  6618 | D:5      | Killed Eustachio
  6618 | D:5      | Reached skill level 5 in Axes
  6618 | D:5      | Reached skill level 5 in Armour
  6624 | D:5      | Found a snail-covered altar of Cheibriados.
  6855 | D:6      | Got a spiked ring mail
  6886 | D:6      | Identified the +2 ring mail of the Saviour {Str+4} (You found it on level 6 of the Dungeon)
  7018 | D:6      | Found a shadowy altar of Dithmenos.
  7023 | D:6      | Reached skill level 5 in Fighting
  7260 | D:6      | Found a glowing silver altar of Zin.
  7320 | D:6      | Noticed Hawkwind's ghost (novice DrFE)
  7334 | D:6      | Banished Hawkwind's ghost
  7334 | D:6      | Reached skill level 5 in Invocations
  7334 | D:6      | Reached XP level 9. HP: 5/74 MP: 12/12
  8983 | D:6      | Noticed Menkaure
  8987 | D:6      | Killed Menkaure
  9319 | D:7      | Found a basalt altar of Yredelemnul.
 10303 | D:7      | Found a hide-covered altar of Uskayaw.
 10615 | D:7      | Reached ***** piety under Lugonu
 10789 | D:8      | Noticed Gargoyl's ghost (novice CeAK)
 11291 | D:8      | Found a staircase to the Lair.
 11302 | D:7      | HP: 2/75 [yak (9)]
 11677 | D:8      | Reached XP level 10. HP: 74/83 MP: 14/14
 12324 | D:8      | Got a twisted plate armour
 12335 | D:8      | Identified the cursed +1 plate armour of Insatiable Hunger {Str+2 Dex+5 Slay-6} (You found it on level 8 of the Dungeon)
 12383 | D:8      | Killed Gargoyl's ghost
 12627 | D:8      | Identified a scroll of acquirement
 12656 | D:8      | Noticed a two-headed ogre
 12882 | D:8      | Banished a two-headed ogre
 13328 | Lair:1   | Entered Level 1 of the Lair of Beasts
 13414 | Lair:1   | Noticed a black mamba
 13421 | Lair:1   | Killed a black mamba
 14751 | Lair:1   | Reached XP level 11. HP: 80/91 MP: 16/16
 15115 | Lair:2   | Found a labyrinth entrance.
 15134 | Lab      | Entered a labyrinth
 16476 | Lab      | Noticed a minotaur
 16489 | Lab      | Banished a minotaur
 16767 | Lab      | Got a smoking war axe
 16770 | Lair:2   | Identified the +5 war axe of Suicidal Tendencies {protect, Int-4 Dex+5 Stlth+} (You found it in a labyrinth)
 16857 | Lair:2   | Slain by a polar bear

Skill      XL: |  1  2  3  4  5  6  7  8  9 10 11 |
---------------+----------------------------------+-----
Axes           | 2 3 4 6 7 8 |  8.3
Armour         | 2 3 4 5 6 8 |  8.2
Dodging        | 1 2 |  2.8
Fighting       | 4 5 6 7 |  7.0
Invocations    | 3 4 5 6 7 |  7.8
Throwing       | 1 2 |  2.4

Action                   |  1- 3 |  4- 6 |  7- 9 | 10-12 || total
-------------------------+-------+-------+-------+-------++-------
Melee: War axe           |   100 |   154 |   226 |    11 ||   491
       Kick              |    16 |    47 |    97 |    49 ||   209
       Hand axe          |       |       |   137 |   160 ||   297
Throw: Javelin           |       |       |    10 |     8 ||    18
Invok: Depart the Abyss  |     1 |       |       |       ||     1
       Banish            |       |       |     3 |     3 ||     6
  Use: Scroll            |     8 |     3 |     4 |    14 ||    29
       Potion            |       |     2 |     7 |     8 ||    17
  Eat: Chunk             |     1 |     3 |     5 |     3 ||    12
       Ration            |     1 |     1 |     4 |     4 ||    10
Armor: Leather armour    |    22 |       |       |       ||    22
       Ring mail         |    20 |    28 |   116 |    27 ||   191
       Chain mail        |       |    94 |    95 |       ||   189
       Skin              |       |       |    16 |       ||    16
       Gold dragon scale |       |       |       |   163 ||   163
Dodge: Dodged            |    62 |    57 |   158 |    23 ||   300
